 Dungeon Crawl Stone Soup version 0.29.1 (webtiles) character file.

Game seed: 4561561306848197106

305 H0rd4k the Ducker (level 6, -3/46 HPs)
             Began as a Human Artificer on Sept 14, 2022.
             Engulfed by a cloud of steam (14 damage)
             ... on level 4 of the Dungeon.
             The game lasted 00:04:02 (3865 turns).

H0rd4k the Ducker (Human Artificer)                 Turns: 3865, Time: 00:04:02

Health: -3/46      AC:  3    Str: 13    XL:     6   Next: 66%
Magic:  6/6        EV: 12    Int: 13    God:
Gold:   197        SH:  0    Dex: 13    Spells: 5/5 levels left

rFire   . . .      SeeInvis .   k - +2 dagger (drain)
rCold   . . .      Faith    .   (no shield)
rNeg    . . .      Spirit   .   b - +0 leather armour
rPois   .          Reflect  .   (no helmet)
rElec   .          Harm     .   (no cloak)
rCorr   .          Rampage  .   (no gloves)
Will    .....                   (no boots)
Stlth   +.........              (no amulet)
HPRegen 0.15/turn               (no ring)
MPRegen 0.10/turn               (no ring)

@: very slow
A: no striking features
a: no special abilities


You were on level 4 of the Dungeon.
You visited 1 branch of the dungeon, and saw 4 of its levels.

You collected 197 gold pieces.

Inventory:

Hand Weapons
 a - a +0 club
 k - a +2 dagger of draining (weapon)
 t - a +2 spear of venom
Armour
 b - a +0 leather armour (worn)
Jewellery
 h - a ring of fire
 s - a ring of resist corrosion
Wands
 c - a wand of flame (12) (quivered)
 d - a wand of charming (4)
 e - a wand of iceblast (2)
Scrolls
 f - a scroll of immolation {unknown}
 i - 2 scrolls of amnesia {unknown}
 j - a scroll of noise {unknown}
 l - a scroll of butterflies {unknown}
 m - 3 scrolls of silence {unknown}
 o - 4 scrolls of identify {unknown}
 p - a scroll of teleportation {unknown}
Potions
 g - a potion of experience {unknown}
 n - a potion of flight {unknown}
 q - 2 potions of heal wounds {unknown}
 r - 2 potions of curing {unknown}
 u - a potion of brilliance {unknown}


   Skills:
 + Level 2.8 Fighting
 * Level 2.6 Short Blades
 + Level 3.0 Maces & Flails
 - Level 2.0 Armour
 + Level 3.4 Dodging
 - Level 1.0 Stealth
 - Level 3.0 Evocations


You had 5 spell levels left.
You didn't know any spells.
Your spell library contained the following spells:

 Spells                   Type           Power      Damage    Failure   Level
 Poisonous Vapours        Pois/Air       0%         N/A       52%         2
 Scorch                   Fire           0%         2d5       52%         2
 Corpse Rot               Necr/Pois/Air  0%         N/A       98%         4
 Dispel Undead            Necr           0%         3d6       98%         4
 Flame Wave               Conj/Fire      0%         2d4       98%         4
 Blade Hands              Tmut           0%         N/A       100%        5
 Irradiate                Conj/Tmut      0%         3d11      100%        5
 Death Channel            Necr           0%         N/A       100%        6
 Summon Cactus Giant      Summ           0%         N/A       100%        6
 Dragon Form              Tmut           0%         N/A       100%        7


Dungeon Overview and Level Annotations

Branches:
Dungeon (4/15)
 Temple: D:4-7

Altars:


Message History

You hit the rat.
The rat is moderately wounded.
The rat bites you.
* * * LOW HITPOINT WARNING * * *
Your unstable footing causes you to fumble your attack.
The rat closely misses you.
You closely miss the rat.
The rat is moderately wounded.
The rat bites you but does no damage.
You hit the rat.
You kill the rat!
Things that are here:
a rat corpse; a quokka corpse You hear the brisk rusting of a drain.
A quokka comes into view.
A worm comes into view.
The quokka closely misses you.
You closely miss the quokka. The quokka bites you.
* * * LOW HITPOINT WARNING * * *
You hit the quokka. You drain the quokka.
The quokka is almost dead.
The quokka bites you but does no damage.
Your unstable footing causes you to fumble your attack.
The quokka misses you.
You barely miss the quokka.
The quokka is almost dead.
The quokka closely misses you.
You hit the quokka.
You kill the quokka!
Aiming: Throw Flame
Press: ? - help, Shift-Dir - straight line, f - worm
Aim: a worm (90% to hit)
Unknown command.
Unknown command.
Aiming: Throw Flame
Press: ? - help, Shift-Dir - straight line, f/p - worm
Aim: a worm (severely wounded, 90% to hit)
The puff of flame misses the worm.
You are engulfed in a cloud of scalding steam.
You die...

.# ? .### ##. ... ..>
.. ##.. #. #... ####
#.##... ##~~####~~##
#......
.#.#####~~~§w§@~~~#
#......
........##~~####~~##
##.###. #........#
##~# ##.# #.
##........# #~# ##..#
## ..........# #~#
#..## #
..........#### ##~#
#g######
.........##~~####~~##
#.......
.......).†~~~~~~†~~~#
#..####.
.........##~~####~~##
#..# ##


You could see a worm.

Vanquished Creatures
  Grinder (D:3)
  A howler monkey (D:4)
  An iguana (D:4)
  Jessica (D:3)
  4 adders
  A worm (D:4)
  A dart slug (D:3)
  4 orcs (D:3)
  4 bats
  An endoplasm (D:1)
  5 giant cockroaches
  4 goblins
  3 hobgoblins
  5 quokkas
  6 ball pythons
  4 frilled lizards
  8 kobolds
  8 rats
62 creatures vanquished.

Vanquished Creatures (collateral kills)
  4 gnolls (D:3)
  A dart slug (D:4)
  A hobgoblin (D:4)
  A kobold (D:4)
  A rat (D:4)
8 creatures vanquished.

Vanquished Creatures (others)
  An orc wizard (D:4)
  A worm (D:4)
  2 kobolds (D:4)
  A quokka (D:4)
  A ball python (D:4)
6 creatures vanquished.

Grand Total: 76 creatures vanquished

Notes
Turn   | Place    | Note
-------+----------+-------------------------------------------
     0 | D:1      | H0rd4k the Human Artificer began the quest for the Orb.
     0 | D:1      | Reached XP level 1. HP: 15/15 MP: 1/1
   372 | D:1      | Reached XP level 2. HP: 9/21 MP: 2/2
  1242 | D:2      | Reached skill level 1 in Maces & Flails
  1242 | D:2      | Reached XP level 3. HP: 23/27 MP: 3/3
  2470 | D:3      | Noticed Grinder
  2482 | D:3      | Reached XP level 4. HP: 33/33 MP: 4/4
  2524 | D:3      | Killed Grinder
  2525 | D:3      | Reached skill level 1 in Short Blades
  2525 | D:3      | Reached XP level 5. HP: 39/39 MP: 5/5
  3226 | D:3      | Noticed Jessica
  3238 | D:3      | Killed Jessica
  3239 | D:3      | Reached XP level 6. HP: 44/46 MP: 6/6
  3642 | D:4      | Noticed a steam dragon
  3865 | D:4      | Engulfed by a cloud of steam

Illustrated notes

Levels and vault maps discovered:
D:1:      elethiomel_arrival_infinity_welcomes_careful_drivers,
          layout_loops_cross, minivault_24
D:2:      layout_basic
D:3:      layout_basic, uniq_grinder, uniq_jessica
D:4:      cheibrodos_barr_body, layout_basic, kennysheep_mini,
          gup_sewer_entry_bubbles, corexii_item_surrounded_by_moat

Skill      XL: |  1  2  3  4  5  6 |
---------------+-------------------+-----
Maces & Flails | 1 2 3 |  3.0
Fighting       | 2 |  2.8
Dodging        | 2 3 |  3.4
Short Blades   | 1 2 |  2.6
Armour         | |  2.0
Stealth        | |  1.0
Evocations     | |  3.0

Action                   |  1- 3 |  4- 6 || total
-------------------------+-------+-------++-------
Melee: Club              |    64 |       ||    64
       Dagger            |    45 |   122 ||   167
       Punch             |       |     2 ||     2
Evoke: Wand              |     2 |    15 ||    17
 Stab: Sleeping          |     4 |     1 ||     5
Armor: Leather armour    |    35 |    15 ||    50
Dodge: Dodged            |    73 |    78 ||   151
